[Event "ICC tourney 2259 (45 10)"]
[Site "Internet Chess Club"]
[Date "2020.12.30"]
[Round "1"]
[White "juicysnail"]
[Black "SuperWJ"]
[Result "1-0"]
[ICCResult "Black resigns"]
[WhiteElo "2247"]
[BlackElo "1959"]
[Opening "Queen's pawn: London system"]
[ECO "A45"]
[NIC "QP.07"]
[Time "11:02:59"]
[PlyCount "31"]
[TimeControl "2700+10"]

1. d4 Nf6 2. Bf4 c5 3. e3 Qb6 4. Na3 Qxb2 5. Nb5 Na6 6. a3 Nd5 7. Rb1 Qa2
8. Rb3 Nxf4 9. Nc3 Qxb3 10. cxb3 cxd4 11. exd4 e6 12. Qf3 Nd5 13. Nxd5 exd5
14. Bxa6 bxa6 15. Qxd5 Rb8 16. Qe5+ { Black resigns } 1-0

[Event "ICC tourney 2259 (45 10)"]
[Site "Internet Chess Club"]
[Date "2020.12.30"]
[Round "1"]
[White "kurumania"]
[Black "GeorgeDai"]
[Result "1-0"]
[ICCResult "Black resigns"]
[WhiteElo "2514"]
[BlackElo "2060"]
[Opening "Caro-Kann: two knights, 3...Bg4"]
[ECO "B11"]
[NIC "CK.01"]
[Time "11:02:58"]
[PlyCount "51"]
[TimeControl "2700+10"]

1. e4 c6 2. Nc3 d5 3. Nf3 Bg4 4. h3 Bxf3 5. Qxf3 e6 6. d4 dxe4 7. Qxe4 Nf6
8. Qd3 Bb4 9. Be2 Nd5 10. O-O Nxc3 11. bxc3 Be7 12. Rb1 Qc7 13. Qf3 O-O 14.
Bf4 Bd6 15. Bxd6 Qxd6 16. Rxb7 Nd7 17. c4 Nf6 18. Rd1 c5 19. c3 Qa6 20.
dxc5 Rac8 21. Rd6 Qa3 22. Rc6 Qc1+ 23. Bf1 Rxc6 24. Qxc6 Qe1 25. Qf3 Ne4
26. c6 { Black resigns } 1-0

[Event "ICC tourney 2259 (45 10)"]
[Site "Internet Chess Club"]
[Date "2020.12.30"]
[Round "1"]
[White "BBCC2020"]
[Black "KRASAVCHIK"]
[Result "1/2-1/2"]
[ICCResult "Game drawn by mutual agreement"]
[WhiteElo "2193"]
[BlackElo "2648"]
[Opening "Catalan: closed, 5.Nf3"]
[ECO "E06"]
[NIC "CA.05"]
[Time "11:03:06"]
[PlyCount "69"]
[TimeControl "2700+10"]

1. d4 Nf6 2. c4 e6 3. g3 d5 4. Nf3 Be7 5. Bg2 O-O 6. O-O dxc4 7. Qc2 a6 8.
a4 Bd7 9. Qxc4 Bc6 10. Bg5 Bd5 11. Qc2 Be4 12. Qc1 Nc6 13. e3 h6 14. Bxf6
Bxf6 15. Nc3 Bh7 16. Rd1 Nb4 17. Ne1 c6 18. Ne4 a5 19. Nd3 Be7 20. Nxb4
Bxb4 21. Nc5 Qe7 22. Nd3 Ra6 23. Ne5 Rd8 24. Bf1 Raa8 25. Bd3 Bxd3 26. Nxd3
Rd5 27. Qc2 Rad8 28. Rac1 Bd6 29. Qe2 e5 30. dxe5 Bxe5 31. Nxe5 Qxe5 32.
Rxd5 Rxd5 33. b3 h5 34. Rd1 Qb2 35. Qxb2 { Game drawn by mutual agreement }
1/2-1/2

[Event "ICC tourney 2259 (45 10)"]
[Site "Internet Chess Club"]
[Date "2020.12.30"]
[Round "1"]
[White "superind"]
[Black "jy2020"]
[Result "1-0"]
[ICCResult "Black resigns"]
[WhiteElo "2710"]
[BlackElo "2227"]
[Opening "Réti opening"]
[ECO "A05"]
[NIC "QP.11"]
[Time "11:03:01"]
[PlyCount "73"]
[TimeControl "2700+10"]

1. Nf3 Nf6 2. g3 d5 3. Bg2 g6 4. O-O Bg7 5. d3 O-O 6. Nbd2 c5 7. e4 Nc6 8.
exd5 Nxd5 9. Re1 h6 10. h3 Be6 11. Nc4 Rc8 12. Bd2 Qc7 13. Qc1 Kh7 14. Re4
g5 15. Bxg5 hxg5 16. Nxg5+ Kh8 17. Rxe6 fxe6 18. Nxe6 Qd7 19. Nxg7 Kxg7 20.
Qg5+ Kh8 21. Qh5+ Kg7 22. Bxd5 Rf6 23. Bxc6 bxc6 24. Re1 Rh8 25. Qg4+ Qxg4
26. hxg4 Kf8 27. g5 Rg6 28. f4 Rhg8 29. Re5 Ke8 30. Rxc5 Re6 31. Ne5 Rf8
32. Ra5 Rh8 33. Rxa7 Kf8 34. d4 Rd6 35. Ra8+ Kg7 36. Rxh8 Kxh8 37. Nf7+ {
Black resigns } 1-0

[Event "ICC tourney 2259 (45 10)"]
[Site "Internet Chess Club"]
[Date "2020.12.30"]
[Round "1"]
[White "LucasFY2007"]
[Black "e4f5"]
[Result "0-1"]
[ICCResult "White resigns"]
[WhiteElo "1929"]
[BlackElo "2253"]
[Opening "Sicilian: Richter-Rauzer, 6...e6"]
[ECO "B62"]
[NIC "SI.27"]
[Time "11:03:07"]
[PlyCount "72"]
[TimeControl "2700+10"]

1. e4 c5 2. Nf3 d6 3. d4 cxd4 4. Nxd4 Nf6 5. Nc3 Nc6 6. Bg5 e6 7. f4 Be7 8.
Nxc6 bxc6 9. Qf3 Nd7 10. Bxe7 Qxe7 11. O-O-O O-O 12. Bd3 Rb8 13. Qh5 e5 14.
f5 d5 15. exd5 Nf6 16. Qf3 cxd5 17. Nxd5 Nxd5 18. Qxd5 Bb7 19. Qc4 Rfc8 20.
Qg4 e4 21. Rhe1 Qf6 22. Rxe4 Bxe4 23. Qxe4 Re8 24. Qc4 Qxb2+ 25. Kd2 Qe5
26. c3 Rb2+ 27. Kc1 Reb8 28. Bc2 Qe3+ 29. Rd2 Qg1+ 30. Rd1 Qxg2 31. Qd3
Qg5+ 32. Rd2 Rxa2 33. f6 Ra1+ 34. Bb1 Raxb1+ 35. Qxb1 Rxb1+ 36. Kc2 Rb2+ {
White resigns } 0-1

[Event "ICC tourney 2259 (45 10)"]
[Site "Internet Chess Club"]
[Date "2020.12.30"]
[Round "1"]
[White "Fandorine"]
[Black "StayCalm"]
[Result "1-0"]
[ICCResult "Black resigns"]
[WhiteElo "2687"]
[BlackElo "2170"]
[Opening "Sicilian"]
[ECO "B50"]
[NIC "SI.01"]
[Time "11:03:04"]
[PlyCount "69"]
[TimeControl "2700+10"]

1. e4 c5 2. Nf3 d6 3. Nc3 Nf6 4. e5 dxe5 5. Nxe5 Nbd7 6. d4 e6 7. Bf4 Be7
8. dxc5 Bxc5 9. Nd3 Be7 10. Nb5 Nd5 11. Nd6+ Kf8 12. Bg3 N7b6 13. Nxc8 Rxc8
14. Be2 Bd6 15. Bf3 Bxg3 16. hxg3 Qc7 17. Rc1 g6 18. O-O Kg7 19. c4 Nf6 20.
c5 Nbd5 21. b4 h5 22. Qe2 Rhe8 23. Rfe1 e5 24. Qb2 a5 25. a3 axb4 26. axb4
Rcd8 27. b5 Qa5 28. Rxe5 Rxe5 29. Nxe5 Nc7 30. b6 Ne6 31. c6 Rd4 32. Nc4
Qg5 33. c7 h4 34. c8=Q hxg3 35. fxg3 { Black resigns } 1-0

[Event "ICC tourney 2259 (45 10)"]
[Site "Internet Chess Club"]
[Date "2020.12.30"]
[Round "1"]
[White "edmehu"]
[Black "manest"]
[Result "0-1"]
[ICCResult "White resigns"]
[WhiteElo "2212"]
[BlackElo "2709"]
[Opening "Philidor: Improved Hanham variation"]
[ECO "B07"]
[NIC "VO.17"]
[Time "11:03:41"]
[PlyCount "62"]
[TimeControl "2700+10"]

1. e4 d6 2. Nf3 Nf6 3. Nc3 e5 4. d4 Nbd7 5. Bc4 Be7 6. O-O O-O 7. Re1 c6 8.
a4 a5 9. h3 exd4 10. Nxd4 Nb6 11. Bd3 Re8 12. f4 Bf8 13. Nf3 h6 14. Bd2
Nfd7 15. Be3 Nc5 16. Qd2 d5 17. exd5 Nxd5 18. Bd4 Rxe1+ 19. Rxe1 Nxd3 20.
cxd3 Nb4 21. Ne4 b6 22. Rd1 Be6 23. Qc3 c5 24. Bf2 Qd5 25. Ne5 Rd8 26. Nd2
f6 27. Nec4 Qxd3 28. Nxb6 Bb3 29. Nxb3 Qxc3 30. bxc3 Rxd1+ 31. Kh2 Nd3 {
White resigns } 0-1

[Event "ICC tourney 2259 (45 10)"]
[Site "Internet Chess Club"]
[Date "2020.12.30"]
[Round "1"]
[White "kooler2"]
[Black "MiamiDude"]
[Result "0-1"]
[ICCResult "White resigns"]
[WhiteElo "2038"]
[BlackElo "2415"]
[Opening "Catalan opening"]
[ECO "E00"]
[NIC "CA.01"]
[Time "11:03:01"]
[PlyCount "42"]
[TimeControl "2700+10"]

1. d4 Nf6 2. c4 e6 3. g3 d5 4. Nf3 Bb4+ 5. Bd2 a5 6. Bg2 dxc4 7. a3 Bxd2+
8. Nbxd2 b5 9. a4 c6 10. e4 O-O 11. e5 Nd5 12. Ne4 Nd7 13. O-O Ba6 14. Qd2
Nb4 15. Nd6 bxa4 16. Rfc1 f6 17. exf6 Qxf6 18. Nxc4 c5 19. Nfe5 Rad8 20.
Qe1 cxd4 21. Rxa4 Nc5 { White resigns } 0-1

[Event "ICC tourney 2259 (45 10)"]
[Site "Internet Chess Club"]
[Date "2020.12.30"]
[Round "1"]
[White "MrNormalName"]
[Black "Aleksandrov73"]
[Result "0-1"]
[ICCResult "White checkmated"]
[WhiteElo "2181"]
[BlackElo "2629"]
[Opening "QGD: 3.Nc3"]
[ECO "D31"]
[NIC "QP.08"]
[Time "11:03:52"]
[PlyCount "110"]
[TimeControl "2700+10"]

1. d4 d5 2. c4 e6 3. Nc3 Bb4 4. cxd5 exd5 5. Bf4 c6 6. Qc2 Ne7 7. e3 Bf5 8.
Qd2 Ng6 9. Bg3 a5 10. Bd3 Bxd3 11. Qxd3 Nd7 12. Nf3 O-O 13. O-O Re8 14. a3
Bf8 15. Rac1 a4 16. e4 dxe4 17. Nxe4 Nf6 18. Rfe1 Nxe4 19. Rxe4 Qd5 20.
Rce1 Rxe4 21. Qxe4 Qxe4 22. Rxe4 f5 23. Re6 Rd8 24. Bc7 Rd7 25. Bb8 Be7 26.
Kf1 Bf6 27. Ba7 Kf7 28. Re3 Nf4 29. g3 Nd5 30. Ne5+ Bxe5 31. Rxe5 b6 32.
Bb8 Rd8 33. Ba7 g6 34. Ke2 Ra8 35. Rxd5 cxd5 36. Bxb6 Rb8 37. Bc5 Rxb2+ 38.
Ke3 g5 39. h4 Rb3+ 40. Ke2 gxh4 41. gxh4 Rh3 42. Kd2 Ke6 43. Kc2 h5 44. Kd2
f4 45. Kc2 Rxh4 46. Kc3 Rh2 47. Kb4 h4 48. Kxa4 h3 49. Kb3 Rxf2 50. a4 h2
51. a5 h1=Q 52. a6 Qb1+ 53. Ka4 Ra2+ 54. Ba3 Qb2 55. a7 Rxa3# { White
checkmated } 0-1

[Event "ICC tourney 2259 (45 10)"]
[Site "Internet Chess Club"]
[Date "2020.12.30"]
[Round "1"]
[White "srohithkrishna"]
[Black "KnightHawk8"]
[Result "1-0"]
[ICCResult "Black forfeits on time"]
[WhiteElo "2354"]
[BlackElo "2014"]
[Opening "QGD semi-Slav"]
[ECO "D43"]
[NIC "QP.08"]
[Time "11:03:02"]
[PlyCount "69"]
[TimeControl "2700+10"]

1. d4 d5 2. Nf3 Nf6 3. c4 e6 4. Nc3 c6 5. b3 Nbd7 6. Bb2 Be7 7. g3 O-O 8.
Bg2 b6 9. O-O Bb7 10. e3 Rc8 11. Rc1 Ba6 12. Qe2 c5 13. Rfd1 dxc4 14. bxc4
cxd4 15. Rxd4 Bc5 16. Rdd1 Qe7 17. Nb5 Bxb5 18. cxb5 Ba3 19. Nd4 Bxb2 20.
Qxb2 Rxc1 21. Rxc1 Nc5 22. Nc6 Qd6 23. Qc2 Qc7 24. Rd1 Ne8 25. Qd2 Nf6 26.
Qd4 h6 27. h3 a6 28. bxa6 Nxa6 29. Rb1 Nd7 30. Bf3 Kh8 31. Kg2 Nac5 32. Qc4
Ra8 33. Qc2 Ra4 34. Rd1 Nb7 35. Qxa4 { Black forfeits on time } 1-0

[Event "ICC tourney 2259 (45 10)"]
[Site "Internet Chess Club"]
[Date "2020.12.30"]
[Round "1"]
[White "Markss1420"]
[Black "karthikvap"]
[Result "0-1"]
[ICCResult "White resigns"]
[WhiteElo "2108"]
[BlackElo "2621"]
[Opening "Vienna game"]
[ECO "C28"]
[NIC "VO.04"]
[Time "11:03:09"]
[PlyCount "90"]
[TimeControl "2700+10"]

1. e4 Nc6 2. Nc3 e5 3. Bc4 Nf6 4. d3 Na5 5. Bb3 Nxb3 6. axb3 d5 7. Bg5 d4
8. Nce2 h6 9. Bd2 c5 10. f4 exf4 11. Nxf4 Bg4 12. Nf3 g5 13. Ne2 Bxf3 14.
gxf3 Bd6 15. Ng3 Qc7 16. Kf2 b6 17. c3 Be5 18. b4 dxc3 19. Qa4+ Nd7 20.
bxc3 Kf8 21. Rac1 Rd8 22. Be3 Bf4 23. d4 Bxe3+ 24. Kxe3 Qf4+ 25. Ke2 Ne5
26. Rhf1 g4 27. fxg4 Qxg4+ 28. Ke3 Qg5+ 29. Ke2 Nc4 30. Qa2 Qe3+ 31. Kd1
Qd3+ 32. Ke1 cxd4 33. cxd4 Rxd4 34. Qf2 Rh7 35. Qe2 Qb3 36. Rf2 Qa3 37.
Qxc4 Rxc4 38. Rxc4 Qa1+ 39. Kd2 Qb2+ 40. Rc2 Qxb4+ 41. Ke3 Qb3+ 42. Kd4 Qe6
43. Nf5 f6 44. Rf4 Rd7+ 45. Ke3 Qb3+ { White resigns } 0-1

[Event "ICC tourney 2259 (45 10)"]
[Site "Internet Chess Club"]
[Date "2020.12.30"]
[Round "1"]
[White "trandaferrari"]
[Black "MiamiBoy"]
[Result "0-1"]
[ICCResult "White resigns"]
[WhiteElo "1983"]
[BlackElo "2278"]
[Opening "Scotch: Schmidt variation"]
[ECO "C45"]
[NIC "SO.04"]
[Time "11:02:58"]
[PlyCount "96"]
[TimeControl "2700+10"]

1. e4 e5 2. Nf3 Nc6 3. d4 exd4 4. Nxd4 Nf6 5. Nxc6 bxc6 6. Bd3 d6 7. O-O
Be7 8. b3 O-O 9. Bb2 Ng4 10. h3 Bf6 11. Nc3 Ne5 12. Na4 c5 13. f4 Nxd3 14.
Bxf6 Qxf6 15. Qxd3 Bb7 16. c4 Rfe8 17. Nc3 Re7 18. Nd5 Bxd5 19. Qxd5 Qd4+
20. Kh2 Qxe4 21. Qxe4 Rxe4 22. Rae1 Rae8 23. Rxe4 Rxe4 24. Rf2 f5 25. g3
Kf7 26. Kg2 Ke6 27. Rc2 g6 28. Kf2 d5 29. cxd5+ Kxd5 30. Rd2+ Kc6 31. Kf3
c4 32. g4 cxb3 33. axb3 Rb4 34. Rd3 a5 35. h4 h5 36. gxh5 gxh5 37. Re3 Kb5
38. Re5+ c5 39. Rxf5 Rxb3+ 40. Ke4 a4 41. Rf8 a3 42. Ra8 Rb4+ 43. Kd5 Rd4+
44. Ke5 Ra4 45. Rb8+ Kc4 46. f5 a2 47. f6 a1=Q+ 48. Ke6 Ra6+ { White
resigns } 0-1

[Event "ICC tourney 2259 (45 10)"]
[Site "Internet Chess Club"]
[Date "2020.12.30"]
[Round "1"]
[White "dopolian"]
[Black "Pifischer"]
[Result "1-0"]
[ICCResult "Black resigns"]
[WhiteElo "2259"]
[BlackElo "1976"]
[Opening "Ruy Lopez: Berlin defense"]
[ECO "C65"]
[NIC "RL.07"]
[Time "11:02:57"]
[PlyCount "87"]
[TimeControl "2700+10"]

1. e4 e5 2. Nf3 Nc6 3. Bb5 Nf6 4. d3 d6 5. c3 g6 6. O-O Bg7 7. Nbd2 O-O 8.
Re1 Bd7 9. Nf1 h6 10. Ng3 Kh7 11. Ba4 Ng8 12. d4 exd4 13. cxd4 Bg4 14. Bxc6
bxc6 15. Be3 a5 16. h3 Bd7 17. e5 Ne7 18. Bf4 Nd5 19. Qd2 Nxf4 20. Qxf4 d5
21. Rac1 Rb8 22. b3 Rb6 23. Rc5 Qa8 24. Qd2 a4 25. b4 a3 26. Ra5 Qb7 27.
Rb1 Ra8 28. Rxa8 Qxa8 29. Ne1 Bf8 30. Rb3 Qa4 31. Nc2 Be6 32. Nf1 Bf5 33.
Nfe3 Be4 34. f3 Bxc2 35. Nxc2 Kg7 36. Kh2 Be7 37. f4 h5 38. f5 gxf5 39.
Rg3+ Kf8 40. Qh6+ Ke8 41. Rg8+ Kd7 42. Qxh5 Qxc2 43. Qxf7 Qe4 44. Qe8+ {
Black resigns } 1-0

[Event "ICC tourney 2259 (45 10)"]
[Site "Internet Chess Club"]
[Date "2020.12.30"]
[Round "1"]
[White "nreiner"]
[Black "tacticsalk"]
[Result "0-1"]
[ICCResult "White resigns"]
[WhiteElo "2005"]
[BlackElo "2326"]
[Opening "Giuoco Piano"]
[ECO "C50"]
[NIC "IG.02"]
[Time "11:02:59"]
[PlyCount "76"]
[TimeControl "2700+10"]

1. e4 e5 2. Nf3 Nc6 3. Bc4 Bc5 4. O-O Nf6 5. d3 d6 6. h3 a6 7. Nc3 h6 8. a3
g5 9. Nh2 g4 10. hxg4 Rg8 11. g5 hxg5 12. Be3 Ba7 13. Nd5 Nxd5 14. Bxd5 Qf6
15. Ng4 Qg6 16. Qf3 Rg7 17. c3 Ne7 18. Nf6+ Kd8 19. g4 Nxd5 20. exd5 Ke7
21. Ne4 Bxg4 22. Qg2 Be2 23. Rfe1 Bxd3 24. Bxa7 Rxa7 25. Rad1 Bxe4 26. Rxe4
f5 27. Rc4 Kf6 28. Rb4 g4 29. Rd3 f4 30. Rd1 Rh7 31. Re1 Qh5 32. Rxf4+ exf4
33. Qe4 Qh2+ 34. Kf1 Qh1+ 35. Qxh1 Rxh1+ 36. Ke2 f3+ 37. Kd2 Rxe1 38. Kxe1
Ra8 { White resigns } 0-1

[Event "ICC tourney 2259 (45 10)"]
[Site "Internet Chess Club"]
[Date "2020.12.30"]
[Round "1"]
[White "Gukesh"]
[Black "SkyAngel"]
[Result "1-0"]
[ICCResult "Black forfeits on time"]
[WhiteElo "2642"]
[BlackElo "2185"]
[Opening "English: symmetrical variation"]
[ECO "A30"]
[NIC "EO.34"]
[Time "11:03:06"]
[PlyCount "91"]
[TimeControl "2700+10"]

1. c4 c5 2. Nf3 Nc6 3. Nc3 g6 4. e3 Bg7 5. d4 cxd4 6. exd4 d6 7. d5 Ne5 8.
Nxe5 Bxe5 9. Be2 Bg7 10. O-O Nf6 11. Bg5 O-O 12. Qd2 Bd7 13. Rfe1 Rc8 14.
Bf1 Re8 15. h3 a6 16. Re3 Rb8 17. Rae1 b5 18. cxb5 axb5 19. b4 h6 20. Bh4
g5 21. Bg3 g4 22. hxg4 Nxg4 23. Rf3 Qc7 24. Ne4 Qa7 25. Bf4 Qd4 26. Rd3 Qb2
27. Qxb2 Bxb2 28. Be2 Kh7 29. Rh3 Bg7 30. Ng5+ Kg8 31. Ne6 Bxe6 32. dxe6
Nf6 33. exf7+ Kxf7 34. Bxh6 Bxh6 35. Rxh6 Rec8 36. Rh3 d5 37. Re3 Rb7 38.
Bd3 Ra8 39. a3 Rc8 40. Bf5 Rcc7 41. g4 d4 42. Rd3 Rc3 43. Rxd4 Rxa3 44. g5
Ne8 45. Rf4 Kg7 46. Re6 { Black forfeits on time } 1-0

[Event "ICC tourney 2259 (45 10)"]
[Site "Internet Chess Club"]
[Date "2020.12.30"]
[Round "1"]
[White "marble"]
[Black "vedrau"]
[Result "1-0"]
[ICCResult "Black checkmated"]
[WhiteElo "2537"]
[BlackElo "2042"]
[Opening "Ruy Lopez: closed, Chigorin defense"]
[ECO "C97"]
[NIC "RL.24"]
[Time "11:02:57"]
[PlyCount "119"]
[TimeControl "2700+10"]

1. e4 e5 2. Nf3 Nc6 3. Bb5 a6 4. Ba4 Nf6 5. O-O Be7 6. Re1 b5 7. Bb3 d6 8.
c3 O-O 9. h3 Na5 10. Bc2 c5 11. d4 Qc7 12. Nbd2 Bd7 13. d5 c4 14. Nf1 Nb7
15. Ng3 Nc5 16. Nh2 g6 17. Bh6 Rfe8 18. Qf3 Kh8 19. Ng4 Nxg4 20. hxg4 f6
21. g5 Qd8 22. gxf6 Bxf6 23. Qe3 Qe7 24. Qd2 Bg7 25. Bg5 Bf6 26. Be3 Rf8
27. b3 h5 28. bxc4 bxc4 29. Bxc5 dxc5 30. d6 Qf7 31. Nf1 Kh7 32. Rab1 Be6
33. Nh2 Ra7 34. Ba4 Bg7 35. Rb2 Bh6 36. Qe2 Qf4 37. Reb1 Rff7 38. Be8 Rg7
39. Bc6 Qf8 40. Rd1 Rgf7 41. a4 Bf4 42. g3 Bg5 43. a5 h4 44. Bd5 hxg3 45.
fxg3 Bxd5 46. Rxd5 Rab7 47. Rxb7 Rxb7 48. Nf3 Rb1+ 49. Kg2 Bd8 50. Rd1 Rb5
51. Nxe5 Qf6 52. Nc6 Qxc3 53. Rd2 Rb3 54. Qf2 Bg5 55. Re2 Qd3 56. Ne5 Qxd6
57. Qf7+ Kh6 58. Ng4+ Kh5 59. Qh7+ Kxg4 60. Qh3# { Black checkmated } 1-0

[Event "ICC tourney 2259 (45 10)"]
[Site "Internet Chess Club"]
[Date "2020.12.30"]
[Round "1"]
[White "JonnyTurgi"]
[Black "YKQ"]
[Result "0-1"]
[ICCResult "White resigns"]
[WhiteElo "2087"]
[BlackElo "2550"]
[Opening "Dutch defense"]
[ECO "A40"]
[NIC "QO.17"]
[Time "11:03:13"]
[PlyCount "108"]
[TimeControl "2700+10"]

1. d4 e6 2. c4 f5 3. Nf3 Nf6 4. Nc3 Bb4 5. Bd2 b6 6. g3 Bb7 7. Bg2 O-O 8.
O-O a5 9. Rc1 Bxc3 10. Bxc3 Ne4 11. d5 Na6 12. Qd4 Qe7 13. Rfd1 d6 14. dxe6
Nac5 15. Nd2 Nxe6 16. Qe3 f4 17. gxf4 Nxc3 18. Bxb7 Nxd1 19. Rxd1 Rae8 20.
Bd5 Kh8 21. Bxe6 Qxe6 22. Qxe6 Rxe6 23. e3 h6 24. Nf3 Re4 25. b3 a4 26. Nd4
axb3 27. axb3 Ra8 28. Nb5 Re7 29. h4 Ra2 30. Kg2 c6 31. Nc3 Rb2 32. Rxd6
Rxb3 33. Ne2 c5 34. Ng3 Rc7 35. Ne4 Kh7 36. Kf3 Rb4 37. Nd2 b5 38. cxb5
Rxb5 39. Rd3 Rb2 40. Ne4 c4 41. Rc3 Rb3 42. Rc2 Kg6 43. Nd2 Rb4 44. Ne4 Rc6
45. Kg4 h5+ 46. Kf3 Kf7 47. f5 Ke7 48. Nc3 Kd6 49. e4 Kc5 50. Ke3 Rb3 51.
f4 Rd6 52. Ke2 Rd3 53. Nd1 Rh3 54. e5 Rxh4 { White resigns } 0-1

[Event "ICC tourney 2259 (45 10)"]
[Site "Internet Chess Club"]
[Date "2020.12.30"]
[Round "1"]
[White "helavir"]
[Black "hoshibosh"]
[Result "0-1"]
[ICCResult "White resigns"]
[WhiteElo "2626"]
[BlackElo "2151"]
[Opening "Sicilian: Canal-Sokolsky (Nimzovich-Rossolimo, Moscow) attack"]
[ECO "B51"]
[NIC "SI.01"]
[Time "11:03:14"]
[PlyCount "146"]
[TimeControl "2700+10"]

1. e4 c5 2. Nf3 d6 3. Bb5+ Nd7 4. c3 Nf6 5. Bd3 e5 6. Bc2 Be7 7. d4 O-O 8.
O-O Re8 9. d5 Nf8 10. c4 Ng6 11. Nc3 Bg4 12. h3 Bc8 13. Kh2 Nf4 14. Ng1 Bf8
15. g3 Ng6 16. f4 exf4 17. gxf4 b5 18. cxb5 a6 19. bxa6 Bxa6 20. Rf2 Rb8
21. a3 Nd7 22. Qg4 Be7 23. Rg2 Bf6 24. Nf3 Bc8 25. Qg3 Kh8 26. Rb1 c4 27.
Be3 h5 28. Ng5 Bxg5 29. Qxg5 Qxg5 30. Rxg5 Nf6 31. Bd4 Nxf4 32. Kg3 Ng6 33.
Bxf6 h4+ 34. Kh2 gxf6 35. Rg2 Re5 36. Rf1 Rg5 37. Nd1 Kg7 38. Rgf2 Ne5 39.
Rxf6 Rg3 40. R6f4 Rxh3+ 41. Kg2 Rg3+ 42. Kf2 Bg4 43. Ke1 Bxd1 44. Kxd1 Rxb2
45. Kc1 Rb7 46. Rxh4 Rxa3 47. Rg1+ Kf8 48. Rh8+ Ke7 49. Rgg8 Nf3 50. Ra8
Re3 51. Rae8+ Kf6 52. Rh6+ Kg5 53. Rh1 Kf4 54. Rc8 Ra3 55. Bb1 c3 56. Rf1
Ke3 57. Kc2 Rb2+ 58. Kc1 Rxb1+ 59. Kxb1 Nd2+ 60. Kc2 Nxf1 61. e5 Kd4 62.
exd6 Ne3+ 63. Kb1 c2+ 64. Kb2 Ra7 65. Rc7 Ra8 66. d7 Rb8+ 67. Ka2 Nxd5 68.
Rb7 Rd8 69. Kb2 Ne3 70. Kc1 f5 71. Kd2 f4 72. Rc7 f3 73. Ke1 Nc4 { White
resigns } 0-1

[Event "ICC tourney 2259 (45 10)"]
[Site "Internet Chess Club"]
[Date "2020.12.30"]
[Round "1"]
[White "erickzhao"]
[Black "RG2017"]
[Result "1-0"]
[ICCResult "Black resigns"]
[WhiteElo "2296"]
[BlackElo "1989"]
[Opening "French: Winawer (Nimzovich) variation"]
[ECO "C15"]
[NIC "FR.08"]
[Time "11:02:58"]
[PlyCount "167"]
[TimeControl "2700+10"]

1. e4 e6 2. d4 d5 3. Nc3 Bb4 4. exd5 exd5 5. Bd3 Nc6 6. Ne2 Nge7 7. O-O O-O
8. Bf4 Bf5 9. a3 Bxc3 10. bxc3 Qd7 11. c4 dxc4 12. Bxc4 Rad8 13. c3 Na5 14.
Ba2 b5 15. Ng3 Bg6 16. h4 h6 17. h5 Bh7 18. Qf3 Nc4 19. a4 a6 20. axb5 axb5
21. Bxc4 bxc4 22. Ra7 Nd5 23. Rfa1 Bd3 24. Bd2 Rfe8 25. R1a5 Re6 26. Nf1
Be2 27. Qg3 Bxf1 28. Kxf1 Qc6 29. Kg1 Rde8 30. Qf3 Rd8 31. Rc5 Qd6 32. Rxc4
Rde8 33. g3 Re2 34. Ra8 Rxa8 35. Qxe2 Ra1+ 36. Kg2 Nf6 37. Rc5 Qb6 38. Qb5
Qxb5 39. Rxb5 Ne4 40. Bf4 Nxc3 41. Rb8+ Kh7 42. Bxc7 Rd1 43. Rd8 Nb5 44.
Bb6 Nc3 45. Rd7 Kg8 46. Rd8+ Kh7 47. Rf8 f6 48. Rd8 Rd3 49. Ba5 Nb5 50. d5
Na3 51. d6 Nc4 52. Bc7 Ne5 53. Re8 Nc4 54. Re7 Ne5 55. f4 Rd2+ 56. Kh3 Nf3
57. Kg4 Nh2+ 58. Kf5 Nf3 59. Kg4 Nh2+ 60. Kf5 Nf3 61. d7 Nd4+ 62. Ke4 Nc6
63. Re6 Re2+ 64. Kd5 Nb4+ 65. Kc4 Rxe6 66. d8=Q Re4+ 67. Kb3 Nc6 68. Qd5
Re3+ 69. Kc4 Ne7 70. Qd4 Re1 71. Qd3+ Kg8 72. Qd8+ Kh7 73. Qd3+ Kg8 74. Bd6
Kf7 75. Bxe7 Rxe7 76. Qg6+ Kf8 77. g4 Rc7+ 78. Kd5 Rd7+ 79. Kc6 Rf7 80. Kd6
Re7 81. g5 fxg5 82. fxg5 hxg5 83. h6 gxh6 84. Qf6+ { Black resigns } 1-0

[Event "ICC tourney 2259 (45 10)"]
[Site "Internet Chess Club"]
[Date "2020.12.30"]
[Round "2"]
[White "KRASAVCHIK"]
[Black "Drachekokosnuss"]
[Result "1-0"]
[ICCResult "Black resigns"]
[WhiteElo "2648"]
[BlackElo "2100"]
[Opening "Four knights: Gunsberg variation"]
[ECO "C47"]
[NIC "KP.06"]
[Time "13:31:58"]
[PlyCount "59"]
[TimeControl "2700+10"]

1. e4 e5 2. Nf3 Nc6 3. Nc3 Nf6 4. a3 d5 5. Bb5 Bg4 6. h3 Bxf3 7. Qxf3 d4 8.
Ne2 Qd6 9. d3 g6 10. g4 Bg7 11. Ng3 O-O-O 12. g5 Nd7 13. Qxf7 Rhg8 14. Bc4
Nc5 15. Qf3 Rgf8 16. Qg4+ Qd7 17. b4 Qxg4 18. hxg4 Na4 19. Rxh7 Bh8 20. Bd2
Nb6 21. Bb3 Rf3 22. Ke2 Rff8 23. Rah1 a5 24. b5 Na7 25. a4 Nd7 26. Be6 b6
27. Bxd7+ Rxd7 28. Rxh8 Rxh8 29. Rxh8+ Kb7 30. Rg8 { Black resigns } 1-0

[Event "ICC tourney 2259 (45 10)"]
[Site "Internet Chess Club"]
[Date "2020.12.30"]
[Round "2"]
[White "tacticsalk"]
[Black "Fandorine"]
[Result "0-1"]
[ICCResult "White resigns"]
[WhiteElo "2326"]
[BlackElo "2687"]
[Opening "King's Indian: 5.Nf3"]
[ECO "E90"]
[NIC "KI.20"]
[Time "13:31:45"]
[PlyCount "52"]
[TimeControl "2700+10"]

1. d4 Nf6 2. c4 g6 3. Nc3 Bg7 4. e4 d6 5. Nf3 O-O 6. h3 e5 7. d5 Nh5 8. g3
Na6 9. Be2 f5 10. exf5 gxf5 11. Ng5 Nf6 12. g4 Qe8 13. gxf5 Bxf5 14. Bg4
Nxg4 15. hxg4 Bg6 16. Qe2 Nc5 17. Nce4 Nxe4 18. Nxe4 b5 19. Ng5 bxc4 20.
Qxc4 Rb8 21. Qxc7 Qa4 22. Rg1 Rbc8 23. Qxd6 Rc2 24. Qa3 Qxa3 25. bxa3 Rfxf2
26. Kd1 Rce2 { White resigns } 0-1

[Event "ICC tourney 2259 (45 10)"]
[Site "Internet Chess Club"]
[Date "2020.12.30"]
[Round "2"]
[White "YKQ"]
[Black "dopolian"]
[Result "1-0"]
[ICCResult "Black resigns"]
[WhiteElo "2550"]
[BlackElo "2259"]
[Opening "Queen's pawn, Mason variation"]
[ECO "D00"]
[NIC "QP.08"]
[Time "13:32:20"]
[PlyCount "61"]
[TimeControl "2700+10"]

1. d4 d5 2. Bf4 Nf6 3. e3 e6 4. Nd2 c5 5. c3 Qb6 6. Rb1 Bd6 7. Bg3 Nbd7 8.
Ngf3 Bxg3 9. hxg3 Qd6 10. Bd3 e5 11. dxe5 Nxe5 12. Nxe5 Qxe5 13. Qa4+ Bd7
14. Bb5 Qf5 15. Rd1 Bxb5 16. Qxb5+ Qd7 17. Qxc5 Qe7 18. Nb3 Qxc5 19. Nxc5
O-O-O 20. Rh4 Rhe8 21. Rhd4 b6 22. Nd3 Re4 23. Ke2 Rxd4 24. cxd4 Ne4 25.
Rc1+ Kb7 26. g4 Nd6 27. Nf4 Ne8 28. g5 f6 29. Ne6 Rd7 30. Nf8 Rf7 31. Nxh7
{ Black resigns } 1-0

[Event "ICC tourney 2259 (45 10)"]
[Site "Internet Chess Club"]
[Date "2020.12.30"]
[Round "2"]
[White "CoolBoy2020"]
[Black "adchess"]
[Result "0-1"]
[ICCResult "White checkmated"]
[WhiteElo "2185"]
[BlackElo "1995"]
[Opening "Caro-Kann defense"]
[ECO "B15"]
[NIC "CK.05"]
[Time "13:31:44"]
[PlyCount "70"]
[TimeControl "2700+10"]

1. e4 c6 2. d4 d5 3. Nc3 dxe4 4. Nxe4 Nf6 5. Ng3 h5 6. Bf4 Qb6 7. Rb1 Be6
8. b3 h4 9. N3e2 Bf5 10. Nc3 e6 11. Na4 Qa5+ 12. Bd2 Qd5 13. Ne2 h3 14. f3
Bg6 15. Nf4 hxg2 16. Bxg2 Qf5 17. Nxg6 Qxg6 18. Kf1 Na6 19. Qe2 Qxc2 20.
Rc1 Qxa2 21. Qd3 O-O-O 22. Rxc6+ bxc6 23. Qxa6+ Kb8 24. Ba5 Nd5 25. Nc5
Ne3+ 26. Ke1 Nxg2+ 27. Kf1 Ne3+ 28. Ke1 Qa1+ 29. Ke2 Qb2+ 30. Bd2 Bxc5 31.
Qxc6 Qxd4 32. Qb5+ Bb6 33. Bc1 Qd1+ 34. Rxd1 Rxh2+ 35. Ke1 Rxd1# { White
checkmated } 0-1